 Dungeon Crawl Stone Soup version 0.21.1-1-g345015fe64 (webtiles) character file.

95 Crag the Stinger (level 4, -1/32 HPs)
             Began as a Gnoll Venom Mage on May 13, 2018.
             Killed from afar by an orc wizard (3 damage)
             ... with a magic dart
             ... on level 6 of the Dungeon.
             The game lasted 00:10:55 (1675 turns).

Crag the Stinger (Gnoll Venom Mage)                 Turns: 1675, Time: 00:10:55

Health: -1/32      AC:  2    Str: 12    XL:     4   Next: 66%
Magic:  2/11       EV: 15    Int: 17    God:
Gold:   112        SH:  0    Dex: 15    Spells: 9/13 levels left

rFire    . . .     SeeInvis .   d - +0 short sword (drain)
rCold    . . .     Gourm    .   (no shield)
rNeg     . . .     Faith    .   a - +0 robe
rPois    .         Spirit   .   (no helmet)
rElec    .         Reflect  .   (no cloak)
rCorr    .         Harm     .   (no gloves)
MR       .....                  (no boots)
Stlth    +++.......             (no amulet)
HPRegen  0.10/turn              (no ring)
MPRegen  0.12/turn              (no ring)

@: no status effects
A: distributed training, fangs 1, strong nose
a: no special abilities


You were on level 6 of the Dungeon.
You were hungry.

You visited 1 branch of the dungeon, and saw 4 of its levels.

You collected 112 gold pieces.

Inventory:

Hand Weapons
 d - a +0 short sword of draining (weapon)
 h - a +2 spear of flaming
Missiles
 f - 47 stones (quivered)
Armour
 a - a +0 robe (worn)
 k - a +1 shield
Scrolls
 e - a scroll of enchant armour
 g - a scroll of teleportation {unknown}
 i - a scroll of remove curse
 q - 5 scrolls of identify
Potions
 j - a potion of flight
Books
 b - a Young Poisoner's Handbook

   Spells                             Type                      Level
   a - Sting                          Conjuration/Poison           1
   b - Poisonous Vapours              Poison/Air                   2
   c - Mephitic Cloud                 Conjuration/Poison/Air       3
   d - Olgreb's Toxic Radiance        Poison                       4
   e - Venom Bolt                     Conjuration/Poison           5
Comestibles
 c - 7 rations


   Skills:
 + Level 1.2 Fighting
 + Level 1.2 Short Blades
 + Level 1.2 Long Blades
 + Level 1.2 Axes
 + Level 1.2 Maces & Flails
 + Level 1.2 Polearms
 + Level 1.2 Staves
 + Level 1.2 Slings
 + Level 1.2 Bows
 + Level 1.2 Crossbows
 + Level 1.2 Throwing
 + Level 1.2 Armour
 + Level 4.6 Dodging
 + Level 4.3 Stealth
 + Level 1.2 Shields
 + Level 1.2 Unarmed Combat
 + Level 5.1 Spellcasting
 + Level 2.2 Conjurations
 + Level 1.0 Hexes
 + Level 1.0 Charms
 + Level 1.0 Summonings
 + Level 1.0 Necromancy
 + Level 1.0 Translocations
 + Level 1.0 Transmutations
 + Level 1.0 Fire Magic
 + Level 1.0 Ice Magic
 + Level 1.0 Air Magic
 + Level 1.0 Earth Magic
 + Level 5.5 Poison Magic
 + Level 1.3 Invocations
 + Level 1.2 Evocations


You had 9 spell levels left.
You knew the following spells:

 Your Spells              Type           Power        Failure   Level  Hunger
a - Sting                 Conj/Pois      ###.         2%          1    None
b - Mephitic Cloud        Conj/Pois/Air  ##......     13%         3    ###....


Dungeon Overview and Level Annotations

Branches:
Dungeon (3/15)

Altars:
Elyvilon
Hepliaklqana
Nemelex Xobeh
Okawaru
Ru
Trog
Vehumet
The Shining One

Annotations:
D:3 GeorgeFormbyGrill's ghost, amateur MiCK


Innate Abilities, Weirdness & Mutations

Your experience applies equally to all skills.
You have very sharp teeth.
Your uncanny sense of smell can sniff out nearby items.


Message History

You bite the shadow imp, but do no damage.
The shadow imp is moderately wounded.
The orc wizard gestures at you while chanting.
You resist with some effort. The shadow imp barely misses you.
An orc comes into view. It is wielding a dagger.
The orc shouts!
An orc comes into view. It is wielding a flail.
You hear a bark!
The ogre shouts!
The orc wizard casts a spell at you. The magic dart hits you!
* * * LOW HITPOINT WARNING * * *
A hound comes into view.
The orc wizard casts a spell.
The orc wizard seems to speed up.
The shadow imp barely misses you. The shadow imp misses you.
The orc wizard hits you but does no damage.
The hound closely misses you.
The orc wizard gestures at you while chanting.
The magic dart hits you!
You die...

.#..... .#....
# ..... #.
#+#...####
#.##.#..o....
#..#.........
#...5o.......
#....oO..c...
#..h@........
#............
#......#.......
#.l....#.......
#......####..).
#.....>. ....
.......## ...
.......


You could see an ogre, a centaur (confused), a hound, an orc wizard, a shadow
imp, 2 orcs and a leopard gecko (confused).

Vanquished Creatures
  Jessica (D:2)
  Terence (D:2)
  An ooze (D:3)
  2 worms (D:2)
  A leopard gecko (D:2)
  2 orcs
  A bat (D:2)
  2 giant cockroaches
  4 goblins
  3 hobgoblins
  2 jackals (D:1)
  3 kobolds
  A quokka (D:3)
  5 frilled lizards
  2 rats
31 creatures vanquished.

Notes
Turn   | Place    | Note
-------+----------+-------------------------------------------
     0 | D:1      | Crag the Gnoll Venom Mage began the quest for the Orb.
     0 | D:1      | Reached XP level 1. HP: 13/13 MP: 6/6
   200 | D:1      | Reached XP level 2. HP: 19/19 MP: 4/7
   828 | D:2      | Noticed Jessica
   835 | D:2      | Killed Jessica
   835 | D:2      | Reached skill level 5 in Spellcasting
   835 | D:2      | Reached skill level 1 in Invocations
   835 | D:2      | Reached XP level 3. HP: 23/25 MP: 7/9
  1000 | D:2      | Reached skill level 1 in Fighting
  1000 | D:2      | Reached skill level 1 in Short Blades
  1000 | D:2      | Reached skill level 1 in Long Blades
  1000 | D:2      | Reached skill level 1 in Axes
  1000 | D:2      | Reached skill level 1 in Maces & Flails
  1000 | D:2      | Reached skill level 1 in Polearms
  1000 | D:2      | Reached skill level 1 in Staves
  1000 | D:2      | Reached skill level 1 in Slings
  1000 | D:2      | Reached skill level 1 in Bows
  1000 | D:2      | Reached skill level 1 in Crossbows
  1000 | D:2      | Reached skill level 1 in Throwing
  1000 | D:2      | Reached skill level 1 in Armour
  1000 | D:2      | Reached skill level 1 in Shields
  1000 | D:2      | Reached skill level 1 in Unarmed Combat
  1000 | D:2      | Reached skill level 1 in Evocations
  1008 | D:2      | Learned a level 3 spell: Mephitic Cloud
  1115 | D:2      | Noticed Terence
  1136 | D:2      | Killed Terence
  1136 | D:2      | Reached XP level 4. HP: 32/32 MP: 2/11
  1247 | D:3      | Found a white marble altar of Elyvilon.
  1248 | D:3      | Found an iron altar of Okawaru.
  1248 | D:3      | Found a hazy altar of Hepliaklqana.
  1248 | D:3      | Found a radiant altar of Vehumet.
  1250 | D:3      | Found a sacrificial altar of Ru.
  1252 | D:3      | Found a sparkling altar of Nemelex Xobeh.
  1252 | D:3      | Found a glowing golden altar of the Shining One.
  1252 | D:3      | Found a bloodstained altar of Trog.
  1410 | D:3      | Noticed GeorgeFormbyGrill's ghost (amateur MiCK)
  1430 | D:2      | Reached skill level 1 in Hexes
  1430 | D:2      | Reached skill level 1 in Charms
  1430 | D:2      | Reached skill level 1 in Summonings
  1430 | D:2      | Reached skill level 1 in Necromancy
  1430 | D:2      | Reached skill level 1 in Translocations
  1430 | D:2      | Reached skill level 1 in Transmutations
  1430 | D:2      | Reached skill level 1 in Fire Magic
  1430 | D:2      | Reached skill level 1 in Ice Magic
  1430 | D:2      | Reached skill level 1 in Air Magic
  1430 | D:2      | Reached skill level 1 in Earth Magic
  1643 | D:3      | You fall through a shaft for 3 floors!
  1643 | D:6      | Noticed an ogre
  1643 | D:6      | Noticed a centaur
  1675 | D:6      | Killed from afar by an orc wizard

Skill      XL: |  1  2  3  4 |
---------------+-------------+-----
Conjurations   | 2 |  2.2
Spellcasting   | 5 |  5.1
Invocations    | 1 |  1.3
Fighting       | 1 |  1.2
Short Blades   | 1 |  1.2
Long Blades    | 1 |  1.2
Axes           | 1 |  1.2
Maces & Flails | 1 |  1.2
Polearms       | 1 |  1.2
Staves         | 1 |  1.2
Slings         | 1 |  1.2
Bows           | 1 |  1.2
Crossbows      | 1 |  1.2
Throwing       | 1 |  1.2
Armour         | 1 |  1.2
Shields        | 1 |  1.2
Unarmed Combat | 1 |  1.2
Evocations     | 1 |  1.2
Hexes          | 1 |  1.0
Charms         | 1 |  1.0
Summonings     | 1 |  1.0
Necromancy     | 1 |  1.0
Translocations | 1 |  1.0
Transmutations | 1 |  1.0
Fire Magic     | 1 |  1.0
Ice Magic      | 1 |  1.0
Air Magic      | 1 |  1.0
Earth Magic    | 1 |  1.0
Dodging        | |  4.6
Stealth        | |  4.3
Poison Magic   | |  5.5

Action                   |  1- 3 |  4- 6 || total
-------------------------+-------+-------++-------
Melee: Short sword       |    39 |    43 ||    82
       Bite              |     6 |     6 ||    12
       Punch             |     1 |       ||     1
 Cast: Sting             |    26 |     1 ||    27
       Mephitic Cloud    |     1 |     4 ||     5
  Use: Potion            |     5 |     1 ||     6
       Scroll            |     5 |       ||     5
 Stab: Sleeping          |       |     3 ||     3
       Confused          |       |     1 ||     1
  Eat: Chunk             |     1 |     1 ||     2
Armor: Robe              |     7 |     3 ||    10
Dodge: Dodged            |    28 |    41 ||    69
